 Dungeon Crawl Stone Soup version 0.29.0-4-gdea44cf6ec (webtiles) character file.

Game seed: 17041794973493643048

14 qw the Sneak (level 2, 0/23 HPs)
             Began as a Ghoul Enchanter on Sept 5, 2022.
             Slain by a gnoll
             ... wielding a +0 club
              (2 damage)
             ... on level 2 of the Dungeon.
             The game lasted 00:00:25 (1315 turns).

qw the Sneak (Ghoul Enchanter)                      Turns: 1315, Time: 00:00:26

Health: 0/23       AC: 10    Str: 11    XL:     2   Next: 41%
Magic:  3/3        EV:  2    Int: 10    God:
Gold:   99         SH:  0    Dex:  9    Spells: 4/4 levels left

rFire   . . .      SeeInvis .     - Unarmed
rCold   + . .      Faith    .   (no shield)
rNeg    + + +      Spirit   .   g - +0 plate armour
rPois   inf        Reflect  .   (no helmet)
rElec   .          Harm     .   (no cloak)
rCorr   .          Rampage  .   (no gloves)
Will    .....                   (no boots)
Stlth   ..........              (no amulet)
HPRegen 0.00/turn               (no ring)
MPRegen 0.08/turn               (no ring)

@: inhibited regen
A: claws 1, cold resistance 1, negative energy resistance 3, inhibited
regeneration, torment resistance 2, devour on kill
a: no special abilities


You were on level 2 of the Dungeon.
You visited 1 branch of the dungeon, and saw 2 of its levels.

You collected 99 gold pieces.


Innate Abilities, Weirdness & Mutations

You are immune to poison.
You have sharp fingernails.
Your flesh is cold resistant. (rC+)
You are immune to negative energy. (rN+++)
You do not regenerate when monsters are visible.
You are immune to unholy pain and torment.
You thrive by killing the living.


   Skills:
 - Level 1.1 Fighting
 - Level 0.8 Short Blades
 - Level 1.7 Dodging
 - Level 3.2 Stealth
 + Level 1.6 Unarmed Combat
 - Level 1.7 Spellcasting
 - Level 2.4 Hexes


You had 4 spell levels left.
You didn't know any spells.
Your spell library contained the following spells:

 Spells                   Type           Power      Damage    Failure   Level
 Ensorcelled Hibernation  Hex/Ice        6%         N/A       100%        2
 Confusing Touch          Hex            5%         N/A       100%        3
 Dazzling Flash           Conj/Hex       6%         N/A       100%        3
 Tukima's Dance           Hex            5%         N/A       100%        3

Inventory:

Armour
 f - a scarf of resistance
 g - a +0 plate armour (worn)
Scrolls
 a - 2 scrolls of magic mapping {unknown}
 b - 2 scrolls of teleportation {unknown}
 h - 3 scrolls of identify
Potions
 c - a potion of berserk rage {unknown}
 d - a potion of might {unknown}
 e - a potion of brilliance {unknown}
 i - a potion of lignification {unknown}

Dungeon Overview and Level Annotations

Branches:
Dungeon (2/15)

Altars:


Message History

The ball python bites you. The ball python constricts you.
You closely miss the ball python.
The ball python is severely wounded.
The ball python bites you but does no damage.
The ball python constricts you.
The ball python bites you but does no damage.
The ball python constricts you.
You scratch the ball python.
You kill the ball python!
You feel better. The gnoll hits you but does no damage.
A gnoll comes into view. It is wielding a +0 flail.
1302 ||| Stepping ~*~*~tactically~*~*~ (stealth).
You barely miss the gnoll.
1304 ||| Stepping ~*~*~tactically~*~*~ (stealth).
1305 ||| Stepping ~*~*~tactically~*~*~ (stealth).
There is an open door here.
1306 ||| Stepping ~*~*~tactically~*~*~ (stealth).
1307 ||| Stepping ~*~*~tactically~*~*~ (stealth).
You scratch the gnoll.
The gnoll is heavily wounded.
The gnoll hits you with a +0 club.
You scratch the gnoll but do no damage.
The gnoll is moderately wounded.
The gnoll hits you but does no damage.
1311 ||| Stepping ~*~*~tactically~*~*~ (outnumbered).
The gnoll attacks as you move away! The gnoll hits you with a +0 club.
The gnoll attacks as you move away! The gnoll hits you with a +0 club.
1312 ||| Stepping ~*~*~tactically~*~*~ (outnumbered).
The gnoll shouts!
You scratch the gnoll.
The gnoll is heavily wounded.
The gnoll barely misses you. The gnoll hits you with a +0 club.
You scratch the gnoll.
The gnoll is severely wounded.
The gnoll hits you with a +0 club. The gnoll barely misses you.
You closely miss the gnoll.
The gnoll is severely wounded.
The gnoll hits you but does no damage. The gnoll hits you with a +0 club.
You die...

#.# ... # #.# g ##+## #.# #.
##@..## #.# #.# ##gg...##
####.# #..# ##g......##
##.##.#
###.(%####.........####.....##
#..g.....'.........+..........
#.#...####.........####...####
##.# ##........%.###..# ##
##.....###.# ##.# ##...##
#.####.##


You could see 3 gnolls.

Vanquished Creatures
  A ball python (D:2)
  3 bats
  2 endoplasms (D:1)
  A giant cockroach (D:1)
  A goblin (D:1)
  A hobgoblin (D:1)
  A frilled lizard (D:2)
  A kobold (D:2)
  A rat (D:2)
12 creatures vanquished.

Notes
Turn   | Place    | Note
-------+----------+-------------------------------------------
     0 | D:1      | qw the Ghoul Enchanter began the quest for the Orb.
     0 | D:1      | Reached XP level 1. HP: 14/14 MP: 2/2
     0 | D:1      | 0 ||| qw: Version: 0.1-a-104-g96f76f8
     0 | D:1      | 0 ||| qw: Game counter: 5894
     0 | D:1      | 0 ||| qw: Always use a shield: true
     0 | D:1      | 0 ||| qw: God list: Okawaru
     0 | D:1      | 0 ||| qw: Allow faded altars: false
     0 | D:1      | 0 ||| qw: Do Orc after D:15 true
     0 | D:1      | 0 ||| qw: Do second Lair branch before Depths: true
     0 | D:1      | 0 ||| qw: Lair rune preference: random
     0 | D:1      | 0 ||| qw: Plans: Normal
     0 | D:1      | 0 ||| PLANNING D:1-11
     1 | D:1      | 1 ||| DROPPING +1 dagger.
   254 | D:1      | Reached skill level 1 in Unarmed Combat
   497 | D:1      | Reached XP level 2. HP: 22/22 MP: 3/3
   525 | D:1      | Reached skill level 1 in Fighting
   648 | D:1      | 648 ||| UPGRADING to +0 chain mail.
   658 | D:1      | 658 ||| DROPPING +0 robe.
   659 | D:1      | 659 ||| UPGRADING to +0 plate armour.
   669 | D:1      | 669 ||| DROPPING +0 chain mail.
   670 | D:1      | 670 ||| READING scroll labelled PEACZIRHIGUN.
   671 | D:1      | 671 ||| READING 2 scrolls labelled NIGIOMEQIEWN.
   672 | D:1      | 672 ||| READING scroll labelled HIFFOY QUUHU.
   673 | D:1      | 673 ||| DROPPING 2 potions of invisibility.
  1302 | D:2      | 1302 ||| Stepping ~*~*~tactically~*~*~ (stealth).
  1304 | D:2      | 1304 ||| Stepping ~*~*~tactically~*~*~ (stealth).
  1305 | D:2      | 1305 ||| Stepping ~*~*~tactically~*~*~ (stealth).
  1306 | D:2      | 1306 ||| Stepping ~*~*~tactically~*~*~ (stealth).
  1307 | D:2      | 1307 ||| Stepping ~*~*~tactically~*~*~ (stealth).
  1311 | D:2      | 1311 ||| Stepping ~*~*~tactically~*~*~ (outnumbered).
  1312 | D:2      | 1312 ||| Stepping ~*~*~tactically~*~*~ (outnumbered).
  1313 | D:2      | HP: 5/23 [gnoll/+0 club (5)]
  1314 | D:2      | HP: 2/23 [gnoll/+0 club (3)]
  1315 | D:2      | Slain by a gnoll

Levels and vault maps discovered:
D:1:      matt_arrival_grand_opening, layout_basic
D:2:      layout_loops_corners, hangedman_decor_push

Skill      XL: |  1  2 |
---------------+-------+-----
Unarmed Combat | 1 |  1.6
Fighting       | 1 |  1.1
Short Blades   | |  0.8
Dodging        | |  1.7
Stealth        | |  3.2
Spellcasting   | |  1.7
Hexes          | |  2.4

Action                   || total
-------------------------++-------
Melee: Unarmed           ||    43
  Use: Scroll            ||     3
Armor: Robe              ||     4
       Plate armour      ||    23
Dodge: Dodged            ||    12

Table legend:
 A = Non-vault XP
 B = Vault XP
 C = Vault XP percentage of total XP
 D = Non-vault monster count
 E = Vault monster count
 F = Vault count percentage of total count
                 A         B        C        D         E       F
            +---------+---------+-------+---------+---------+-------
      Total |      20 |       0 |   0.0 |      12 |       0 |   0.0
            +---------+---------+-------+---------+---------+-------
        D:1 |      12 |       0 |   0.0 |       6 |       0 |   0.0
        D:2 |       8 |       0 |   0.0 |       6 |       0 |   0.0
            +---------+---------+-------+---------+---------+-------
